Map: Solaris LE

Players

SubN - Winner!

  • Race: Zerg Zerg
  • League: Diamond
  • Spawn Location: 1:00

xblitzx

  • Race: Protoss Protoss
  • League: Platinum
  • Spawn Location: 7:00

VOD

Have the link to the VOD?

Description

Time

  • Played on: Dec. 25, 2023, 1:15 a.m.
  • Length: 4:05
Show
View Real Time Build Order
Export as new Build Order

SubN Zerg - Winner!

Build Orders: 3 Hatch before Pool 

Get SALT Encoding   

  12  0:00  Drone  
  13  0:08  Drone  
  14  0:33  Hatchery  
  13  0:36  Drone  
  14  1:04  Drone, Hatchery  
  14  1:20  Spawning Pool  
  14  1:24  Drone  
  14  1:29  Extractor  
  14  1:30  Drone  
  15  1:36  Overlord  
  15  2:08  Zergling x6  
  16  2:09  Zergling x6  
  16  2:11  Queen  
  23  2:16  Zergling x2  
  23  2:21  Zergling x4  
  26  2:30  Zergling x4  
  26  2:35  Zergling x2  
  29  2:38  Zergling x2  
  29  2:42  Overlord  
  30  2:45  Zergling x2  
  31  2:56  Zergling x6  
  34  3:02  Zergling x2  
  34  3:04  Zergling x2  
  35  3:06  Zergling x2  
  35  3:10  Zergling x2  
  34  3:27  Zergling x8  
  34  3:28  Zergling x2  
Show
View Real Time Build Order
Export as new Build Order

xblitzx Protoss 

Build Orders:  

Get SALT Encoding   

  12  0:00  Probe  
  13  0:12  Probe  
  14  0:19  Pylon  
  14  0:24  Probe  
  15  0:37  Probe  
  15  0:39  Gateway  
  16  0:46  Assimilator  
  16  0:49  Probe  
  17  1:02  Probe  
  18  1:14  Probe  
  19  1:26  Probe  
  19  1:27  Pylon  
  19  1:32  Cybernetics Core  
  20  1:34  Gateway  
  20  1:39  Probe  
  21  1:44  Assimilator  
  21  1:53  Gateway  
  21  2:03  Probe  
  22  2:11  Pylon  
  22  2:15  Probe  
  23  2:18  Twilight Council  
  23  2:28  Stalker  
  25  2:35  Stalker  
  27  2:43  Stalker  
  26  3:35  Gateway  
  26  3:38  Gateway  
  26  3:41  Gateway  
Tags
 
Add a new tag
Caveats
  • Supply blocks, unpowered buildings, or Contaminate may cause inaccurate times.
  • Supply counts are checked every 10 seconds.